 Dungeon Crawl Stone Soup version 0.25-a0-875-geaba134f46 (webtiles) character file.

Game seed: 14648065014126293292, levelgen mode: deterministic

26 Error4North the Skirmisher (level 3, 0/33 HPs)
             Began as a Hill Orc Fighter on May 1, 2020.
             Slain by a hobgoblin
             ... wielding a +0 club
             ... led by Robin
              (2 damage)
             ... on level 2 of the Dungeon.
             The game lasted 00:01:33 (698 turns).

Error4North the Skirmisher (Hill Orc Fighter)        Turns: 698, Time: 00:01:34

Health: 0/33       AC:  8    Str: 19    XL:     3   Next: 8%
Magic:  3/3        EV:  7    Int:  8    God:
Gold:   40         SH:  9    Dex: 10    Spells: 2/2 levels left

rFire    . . .     SeeInvis .   a - +0 war axe
rCold    . . .     Gourm    .   c - +0 kite shield
rNeg     . . .     Faith    .   b - +0 scale mail
rPois    .         Spirit   .   (no helmet)
rElec    .         Reflect  .   (no cloak)
rCorr    .         Harm     .   h - +0 pair of gloves (curse)
MR       .....                  (no boots)
Stlth    ..........             (no amulet)
HPRegen  0.11/turn              (no ring)
MPRegen  0.08/turn              (no ring)

@: mighty
A: no striking features
a: no special abilities


You were on level 2 of the Dungeon.
You were not hungry.

You visited 1 branch of the dungeon, and saw 2 of its levels.

You collected 40 gold pieces.

Inventory:

Hand Weapons
 a - a +0 war axe (weapon)
Armour
 b - a +0 scale mail (worn)
 c - a +0 kite shield (worn)
 h - a cursed +0 pair of gloves (worn)
Scrolls
 i - a scroll of magic mapping {unknown}
 j - a scroll of noise {unknown}
 l - a scroll of blinking {unknown}
Potions
 d - a potion of might
 e - a potion of magic {unknown}
 g - 3 potions of curing {unknown}
 k - a potion of stabbing {unknown}
Comestibles
 f - 2 rations


   Skills:
 * Level 4.1 Fighting
 + Level 3.0 Axes
 * Level 3.7 Armour
 * Level 3.7 Shields


You had 2 spell levels left.
You didn't know any spells.
Your spell library was empty.

Dungeon Overview and Level Annotations

Branches:
Dungeon (2/15)

Altars:

Annotations:
D:2 Robin


Message History

Robin throws the goblin at you!
A hobgoblin comes into view. It is wielding a +0 club.
The goblin barely misses you. The hound bites you but does no damage.
Robin says, "Bow before me, strongest of all the hobgoblins!"
You completely miss Robin.
The hobgoblin shouts!
You hit the goblin. You slash the hound!
The hound bites you but does no damage. The goblin hits you but does no damage.
You block Robin's attack. The hound closely misses you.
Unknown command.
You slash Robin!
Robin is severely wounded.
You barely miss the hound. You closely miss the goblin.
You closely miss the hobgoblin. The hound bites you.
Robin hits you but does no damage.
You are electrocuted!
* * * LOW HITPOINT WARNING * * *
The goblin hits you with a cursed -1 club.
* * * LOW HITPOINT WARNING * * *
The hobgoblin hits you with a +0 club.
You die...

#. .. ########.#
#<.....#.#
.#.###)##g#.#####
........g@g.......
....###.##h#g####.#
.. #.#.gKg....#
#.#.#g.....#
#.#.#..[...#
#.#.#......#
#.#.#........
#.#....#.....
####.######


You could see a hound, Robin, 3 hobgoblins, 3 goblins and a kobold.

Vanquished Creatures
  A dart slug (D:1)
  A giant cockroach (D:1)
  6 goblins
  2 hobgoblins
  2 jackals (D:1)
  2 kobolds (D:1)
  A ball python (D:1)
  3 bats (D:1)
  A frilled lizard (D:1)
  2 rats (D:1)
21 creatures vanquished.

Notes
Turn   | Place    | Note
-------+----------+-------------------------------------------
     0 | D:1      | Error4North the Hill Orc Fighter began the quest for the
                  | Orb.
     0 | D:1      | Reached XP level 1. HP: 19/19 MP: 1/1
   156 | D:1      | Reached XP level 2. HP: 27/27 MP: 2/2
   320 | D:1      | Reached skill level 4 in Fighting
   684 | D:2      | Noticed Robin
   685 | D:2      | Reached XP level 3. HP: 32/33 MP: 3/3
   698 | D:2      | Slain by a hobgoblin

Levels and vault maps discovered:
D:1:      onia_arrival_pyramid, layout_basic
D:2:      layout_basic, old_standard_altar, makhleb_heckhound_becter,
          grunt_ministairs_2, uniq_crazy_yiuf_cottage, uniq_robin

Skill      XL: |  1  2  3 |
---------------+----------+-----
Fighting       | 4 |  4.1
Axes           | 3 |  3.0
Armour         | |  3.7
Shields        | |  3.7

Action                   || total
-------------------------++-------
Melee: War axe           ||    65
  Use: Potion            ||     1
Armor: Scale mail        ||    40
Dodge: Dodged            ||    27
Block: Kite shield       ||    41

Table legend:
 A = Non-vault XP
 B = Vault XP
 C = Vault XP percentage of total XP
 D = Non-vault monster count
 E = Vault monster count
 F = Vault count percentage of total count
                 A         B        C        D         E       F
            +---------+---------+-------+---------+---------+-------
      Total |      34 |       4 |  10.5 |      19 |       2 |   9.5
            +---------+---------+-------+---------+---------+-------
        D:1 |      30 |       0 |   0.0 |      17 |       0 |   0.0
        D:2 |       4 |       4 |  50.0 |       2 |       2 |  50.0
            +---------+---------+-------+---------+---------+-------
